 Dungeon Crawl Stone Soup version 0.29-a0-495-g17b79114eb (webtiles) character file.

Game seed: 12762751767281693099

33242 runemasterragnar the Destroyer (level 13, -2/77 HPs)
             Began as a Pale Draconian Conjurer on May 27, 2022.
             Was a Priest of Vehumet.
             Slain by an orc knight
             ... wielding a +0 glaive
              (17 damage)
             ... on level 12 of the Dungeon.
             The game lasted 00:58:28 (24188 turns).

runemasterragnar the Destroyer (DrCj)              Turns: 24188, Time: 00:58:28

Health: -2/77      AC: 16    Str: 12    XL:     13   Next: 35%
Magic:  16/25      EV: 29    Int: 29    God:    Vehumet [***...]
Gold:   2227       SH:  0    Dex: 10    Spells: 4/29 levels left

rFire   . . .      SeeInvis .   J - +3 whip (elec)
rCold   . . .      Faith    .   (no shield)
rNeg    . . .      Spirit   .   (body armour unavailable)
rPois   .          Reflect  .   (helmet restricted)
rElec   .          Harm     .   E - +0 cloak
rCorr   .          Rampage  .   (no gloves)
Will    .....                   P - +2 pair of boots
Stlth   ++++......              r - amulet of the acrobat
HPRegen 0.22/turn               L - +4 ring of protection
MPRegen 0.19/turn               V - +6 ring of intelligence

@: acrobatic, slowed, very slow
A: breathe steam, AC +8, unfitting armour, cold-blooded, steam resistance, horns
1, frail 1, strong 1, wild magic 1, MP-powered wands
a: Breathe Steam, Renounce Religion


You were on level 12 of the Dungeon.
You worshipped Vehumet.
Vehumet was most pleased with you.
You visited 3 branches of the dungeon, and saw 19 of its levels.

You collected 2359 gold pieces.
You spent 132 gold pieces at shops.

Inventory:

Hand Weapons
 t - a +1 whip of draining
 x - a +0 vorpal hand axe
 y - the +10 rapier "Beetleslayer" {drain, *Noise rC+ rN+ Int+5}
   (You found it on level 5 of the Lair of Beasts)

   A truly terrible weapon, it drains the life of any living foe it strikes.
   Int:       It affects your intelligence (+5).
   rC:        It protects you from cold.
   rN:        It protects you from negative energy.
   *Noise:    It may make noises in combat.
 J - a +3 whip of electrocution (weapon)
Missiles
 A - 30 poisoned darts
 B - 2 curare-tipped darts
Armour
 E - a +0 cloak (worn)
 M - an orb of light
 P - a +2 pair of boots (worn)
Jewellery
 f - a ring of protection from fire
 l - a ring of willpower
 r - an amulet of the acrobat (around neck)
 L - a +4 ring of protection (left hand)
 U - a ring of ice
 V - a +6 ring of intelligence (right hand)
Wands
 i - a wand of digging (4)
 p - a wand of paralysis (1)
 N - a wand of flame (41)
 R - a wand of iceblast (4)
 T - a wand of charming (4)
 Z - a wand of mindburst (7)
Scrolls
 c - a scroll of fear
 g - 2 scrolls of poison
 k - 2 scrolls of fog
 m - a scroll of blinking {unknown}
 q - 7 scrolls of teleportation
 v - 2 scrolls of torment {unknown}
 C - 5 scrolls of enchant armour {unknown}
 F - 2 scrolls of vulnerability {unknown}
 G - 2 scrolls of immolation {unknown}
 I - 4 scrolls of brand weapon
 K - 3 scrolls of silence
 O - a scroll of summoning
Potions
 a - 2 potions of magic
 b - 2 potions of ambrosia
 d - 5 potions of cancellation
 e - 7 potions of brilliance
 h - a potion of invisibility {unknown}
 j - 6 potions of flight
 n - a potion of haste
 o - 9 potions of might
 u - 6 potions of attraction
 w - 2 potions of heal wounds
 z - 2 potions of mutation
 D - 4 potions of curing
 Q - 2 potions of degeneration
 S - 2 potions of resistance
 X - 4 potions of lignification


   Skills:
 - Level 7.5 Dodging
 + Level 9.1 Stealth
 + Level 8.6 Spellcasting
 * Level 13.3 Conjurations
 + Level 4.0 Summonings
 * Level 12.9 Air Magic


You had 4 spell levels left.
You knew the following spells:

 Your Spells              Type           Power      Damage    Failure   Level
a - Magic Dart            Conj           100%       1d8       1%          1
b - Searing Ray           Conj           100%       2d8       1%          2
c - Mephitic Cloud        Conj/Pois/Air  70%        N/A       1%          3
d - Freezing Cloud        Conj/Ice/Air   35%        6-21      1%          5
e - Conjure Ball Lightni  Conj/Air       43%        3x3d15    1%          6
f - Airstrike             Air            42%        N/A       1%          4
g - Summon Lightning Spi  Summ/Air       69%        N/A       2%          4

Your spell library contained the following spells:

 Spells                   Type           Power      Damage    Failure   Level
 Freeze                   Ice            64%        1d8       1%          1
 Shock                    Conj/Air       100%       1d9       1%          1
 Dazzling Flash           Conj/Hex       100%       N/A       1%          3
 Swiftness                Air            85%        N/A       1%          3
 Fulminant Prism          Conj/Hex       30%        3d16      1%          4
 Hailstorm                Conj/Ice       61%        3d13      1%          4
 Iskenderun's Mystic Bla  Conj/Tloc      61%        2d13      1%          4
 Frozen Ramparts          Ice            32%        1d5       5%          3
 Ignite Poison            Fire/Tmut/Pois 16%        N/A       5%          3
 Beastly Appendage        Tmut           32%        N/A       7%          1
 Wereblood                Tmut           16%        N/A       11%         2
 Corpse Rot               Necr/Pois/Air  48%        N/A       12%         4
 Spider Form              Tmut/Pois      16%        N/A       19%         3
 Dispel Undead            Necr           16%        3d10      50%         4
 Lightning Bolt           Conj/Air       43%        1d62      1%          5
 Summon Forest            Summ/Tloc      15%        N/A       54%         5
 Eringya's Noxious Bog    Tmut/Pois      8%         N/A       86%         6
 Death Channel            Necr           8%         N/A       100%        6
 Summon Hydra             Summ           23%        N/A       100%        7
 Discord                  Hex            8%         N/A       100%        8
 Disjunction              Tloc           8%         N/A       100%        8


Dungeon Overview and Level Annotations

Branches:
Dungeon (12/15)            Temple (1/1) D:6            Lair (6/6) D:9
 Shoals (0/4) Lair:4       Spider (0/4) Lair:4        Slime (0/5) Lair:5
    Orc: D:9-12

Altars:
Ashenzari
Cheibriados
Dithmenos
Elyvilon
Fedhas
Gozag
Hepliaklqana
Kikubaaqudgha
Makhleb
Nemelex Xobeh
Okawaru
Qazlal
Ru
Sif Muna
Trog
Uskayaw
Vehumet
Wu Jian
Xom
Yredelemnul
Zin
The Shining One

Shops:
D:4 !*   D:5 =   D:6 (***   D:10 (


Innate Abilities, Weirdness & Mutations

You can breathe blasts of scalding, opaque steam.
Your pale cyan-grey scales are hard. (AC +8)
You cannot fit into any form of body armour.
You are cold-blooded and may be slowed by cold attacks.
You are immune to the effects of steam.
You have a pair of small horns on your head.
You are frail. (-10% HP)
Your muscles are strong. (Str +2)
Your spells are a little harder to cast, but a little more powerful.
You expend magic power (3 MP) to strengthen your wands.


Message History

The orc knight is engulfed in noxious fumes.
Aiming: Breathe Steam (1% risk of failure)
Press: ? - help, Shift-Dir - straight line, f - orc knight
Aim: an orc knight, wielding a +0 glaive and wearing a +0 plate armour (noxious fumes, lightly wounded, confused, 91% to hit)
You exhale a blast of scalding steam.
You have got your breath back.
Unknown command.
Unknown command.
Key pressed, stopping explore.
Magic restored.
The orc knight shouts!
An orc knight is nearby!
An orc knight is nearby!
Casting: Freezing Cloud (dangerous; 1% risk of failure)
Confirm with . or Enter, or press ? or * to list all spells.
Okay, then.
Casting: Freezing Cloud (dangerous; 1% risk of failure)
Confirm with . or Enter, or press ? or * to list all spells.
Aiming: Freezing Cloud (dangerous; 1% risk of failure)
Press: ? - help, Dir - move target, p - orc knight The orc knight is engulfed in freezing vapours.
The orc knight is engulfed in freezing vapours.
Casting: Freezing Cloud (dangerous; 1% risk of failure)
Confirm with . or Enter, or press ? or * to list all spells.
Aiming: Freezing Cloud (dangerous; 1% risk of failure)
Press: ? - help, Dir - move target That beam is likely to hit you.
Continue anyway?
You are engulfed in freezing vapours.
You feel yourself slow down.
The orc knight is engulfed in freezing vapours.
You are engulfed in freezing vapours.
You feel as though you will be slow longer.
You are engulfed in freezing vapours.
You are engulfed in freezing vapours.
You feel as though you will be slow longer.
* * * LOW HITPOINT WARNING * * *
You are engulfed in freezing vapours.
* * * LOW HITPOINT WARNING * * *
The orc knight is engulfed in freezing vapours.
The orc knight hits you from afar with a +0 glaive!
You die...

##
###.##############
.................#
....############.#
..(.# #.# ...##
#.# ...# #@#####
.#.# #§§o§§# .#.#
#####§# .# # #.#
## # #o#
#.#######.##
#.§..<..)[.#
####§####..# #§#
#).#


You could see an orc knight.

Vanquished Creatures
  Fannar (Lair:2)
  2 catoblepae
  A two-headed ogre (D:12)
  A lindwurm (Lair:3)
  An orb spider (Lair:4)
  Pikel (D:9)
  2 oklob plants (Lair:5)
  2 cyclopes (D:11)
  2 manticores
  3 black mambas
  Joseph (D:8)
  An unseen horror (D:12)
  A rime drake (Lair:1)
  9 cane toads
  2 komodo dragons
  A kobold demonologist (D:8)
  2 trolls
  2 polar bears
  4 slime creatures (D:12)
  3 blink frogs (Lair:2)
  A shadow (D:11)
  3 wyverns
  A wraith (D:10)
  2 humans (D:7)
  44 yaks
  Grum (D:11)
  A basilisk (Lair:3)
  A steam dragon (D:8)
  3 vampire mosquitoes
  8 water moccasins
  Edmund (D:5)
  2 acid dragons
  Duvessa (D:7)
  2 orc warriors
  Pargi (D:4)
  A black bear (D:7)
  A sky beast (D:8)
  18 wolves
  3 centaurs
  2 lemures (D:9)
  A kobold brigand (D:8)
  2 gnoll sergeants (D:9)
  3 necrophages
  8 bullfrogs
  2 scorpions
  Dowan (D:7)
  19 killer bees
  5 howler monkeys
  A crimson imp (D:5)
  2 hounds
  11 jellies
  3 orc priests
  A gnoll shaman (D:9)
  4 iguanas
  9 orc wizards
  19 gnolls
  6 adders
  A shadow imp (D:8)
  2 white imps (D:6)
  2 ufetubi
  5 worms
  4 dart slugs
  36 orcs
  7 endoplasms
  4 giant cockroaches
  4 goblins
  8 hobgoblins
  8 kobolds
  4 quokkas
  5 ball pythons
  12 bats
  2 frilled lizards
  11 rats
  3 butterflies (Lair:3)
354 creatures vanquished.

Vanquished Creatures (collateral kills)
  3 hydras
  A boulder beetle (Lair:4)
  A rime drake (Lair:6)
  4 komodo dragons
  A polar bear (Lair:3)
  A wyvern (Lair:4)
  3 yaks (Lair:3)
  A water moccasin (Lair:3)
  7 wolves
  4 jellies (Lair:5)
  An endoplasm (Lair:5)
  A ball lightning (Lair:2)
28 creatures vanquished.

Vanquished Creatures (others)
  A wolf (Lair:4)
  17 ball lightnings
  36 fungi
  42 plants
96 creatures vanquished.

Grand Total: 478 creatures vanquished

Notes
Turn   | Place    | Note
-------+----------+-------------------------------------------
     0 | D:1      | runemasterragnar the Draconian Conjurer began the quest for
                  | the Orb.
     0 | D:1      | Reached XP level 1. HP: 14/14 MP: 3/3
   672 | D:1      | Reached XP level 2. HP: 20/20 MP: 3/5
  1735 | D:1      | Learned a level 2 spell: Searing Ray
  1849 | D:2      | Reached XP level 3. HP: 20/26 MP: 1/6
  2495 | D:2      | Found a faded altar of an unknown god.
  2617 | D:2      | Reached XP level 4. HP: 33/33 MP: 2/7
  3838 | D:3      | Reached skill level 5 in Conjurations
  4003 | D:3      | Found a hide-covered altar of Uskayaw.
  4003 | D:3      | Noticed a +0 spear
  4003 | D:3      | Noticed a +0 falchion
  4003 | D:3      | Noticed a +0 dagger
  4004 | D:3      | Noticed a +0 short sword
  4004 | D:3      | Noticed a +0 spear
  4005 | D:3      | Noticed a +0 dagger
  4006 | D:3      | Noticed a +0 falchion
  4006 | D:3      | Noticed a +0 short sword
  4158 | D:3      | Reached XP level 5. HP: 38/38 MP: 5/9
  4786 | D:4      | Found Aggoush's Overcharged Wands.
  4967 | D:4      | Noticed Pargi
  5216 | D:4      | Reached XP level 6. HP: 45/45 MP: 1/10
  5334 | D:4      | Killed Pargi
  5499 | D:4      | Found Zuhyphae's Distillery.
  5506 | D:4      | Bought a potion of mutation for 104 gold pieces
  5663 | D:4      | Gained mutation: Your muscles are strong. (Str +2) [potion
                  | of mutation]
  5663 | D:4      | Gained mutation: Your spells are a little harder to cast,
                  | but a little more powerful. [potion of mutation]
  5663 | D:4      | Gained mutation: You have a pair of small horns on your
                  | head. [potion of mutation]
  5663 | D:4      | Gained mutation: You expend magic power (3 MP) to
                  | strengthen your wands. [potion of mutation]
  5685 | D:5      | Entered Level 5 of the Dungeon
  5685 | D:5      | Noticed Edmund
  5745 | D:5      | Found Qiam Alo's Jewellery Boutique.
  5766 | D:5      | Reached skill level 6 in Conjurations
  6085 | D:5      | Your scales start taking on a pale cyan-grey colour.
  6085 | D:5      | Reached XP level 7. HP: 50/50 MP: 12/12
  6085 | D:5      | Gained mutation: You are immune to the effects of steam.
                  | [Pale Draconian growth]
  6089 | D:5      | Learned a level 3 spell: Mephitic Cloud
  6095 | D:5      | Learned a level 5 spell: Freezing Cloud
  6112 | D:5      | Killed Edmund
  6113 | D:5      | Reached skill level 1 in Air Magic
  6142 | D:5      | Found a burning altar of Makhleb.
  6142 | D:5      | Found a shimmering altar of Xom.
  6363 | D:5      | Noticed a moth of wrath
  6366 | D:5      | Found a bloodstained altar of Trog.
  7432 | D:6      | Found a staircase to the Ecumenical Temple.
  7436 | D:6      | Found Qohismun's General Store.
  7439 | D:6      | Found Amozued's Assorted Antiques.
  7441 | D:6      | Found Birur's General Store.
  7450 | D:6      | Reached XP level 8. HP: 52/57 MP: 14/14
  7473 | D:6      | Found Usi Peydgh's Antique Weapon Boutique.
  7476 | D:6      | Bought a scroll of identify for 28 gold pieces
  8022 | D:7      | Reached skill level 7 in Conjurations
  8289 | D:7      | Noticed Dowan
  8311 | D:7      | Killed Dowan
  8447 | D:7      | Noticed Duvessa
  8457 | D:7      | Killed Duvessa
  8794 | D:7      | Found an iron altar of Okawaru.
  8799 | D:7      | Reached skill level 5 in Stealth
  8799 | D:7      | Reached skill level 8 in Conjurations
  8799 | D:7      | Reached skill level 5 in Air Magic
  8799 | D:7      | Reached XP level 9. HP: 62/62 MP: 8/16
  9071 | D:7      | Learned a level 6 spell: Conjure Ball Lightning
  9276 | D:8      | Found a hazy altar of Hepliaklqana.
  9339 | D:8      | Reached skill level 5 in Spellcasting
  9443 | D:8      | Reached skill level 5 in Dodging
  9656 | D:8      | Noticed Joseph
  9670 | D:8      | Killed Joseph
  9813 | D:8      | Noticed a kobold demonologist
  9818 | D:8      | Noticed a hellwing
  9820 | D:8      | Gained mutation: You are frail. (-10% HP) [a neqoxec]
  9828 | D:8      | Killed a kobold demonologist
 10051 | D:8      | Reached skill level 9 in Conjurations
 10558 | Temple   | Entered the Ecumenical Temple
 10654 | D:9      | Found a stormy altar of Qazlal.
 10655 | D:9      | Noticed Pikel
 10665 | D:9      | Killed Pikel
 10666 | D:9      | Reached XP level 10. HP: 62/62 MP: 13/18
 10721 | D:9      | Found an ornate altar of the Wu Jian Council.
 10930 | D:9      | Found a sparkling altar of Nemelex Xobeh.
 10974 | D:9      | Found a blossoming altar of Fedhas.
 11045 | D:9      | Noticed a seven-headed hydra
 11053 | D:9      | Found a staircase to the Lair.
 11162 | D:10     | Entered Level 10 of the Dungeon
 11640 | D:10     | Found a radiant altar of Vehumet.
 11652 | D:10     | Became a worshipper of Vehumet
 11803 | D:10     | Found Haihid's Antique Weapon Shop.
 12434 | D:10     | Reached skill level 10 in Conjurations
 12806 | D:11     | Noticed a cyclops
 12823 | D:11     | Killed a cyclops
 12941 | D:11     | Learned a level 4 spell: Airstrike
 13199 | D:11     | Noticed a cyclops
 13222 | D:11     | Killed a cyclops
 13231 | D:11     | Noticed Grum
 13242 | D:11     | Killed Grum
 13243 | D:11     | Reached XP level 11. HP: 66/66 MP: 4/20
 14353 | D:12     | Noticed a two-headed ogre
 14359 | D:12     | Killed a two-headed ogre
 14362 | D:12     | Noticed a red ugly thing
 14551 | Lair:1   | Entered Level 1 of the Lair of Beasts
 14810 | Lair:1   | Reached skill level 11 in Conjurations
 15321 | Lair:1   | Reached skill level 10 in Air Magic
 15439 | Lair:1   | Reached * piety under Vehumet
 15439 | Lair:1   | Offered knowledge of Sandblast by Vehumet.
 16939 | Lair:2   | Noticed Fannar
 16945 | Lair:2   | Killed Fannar
 16946 | Lair:2   | Reached XP level 12. HP: 72/72 MP: 8/23
 17922 | Lair:2   | Learned a level 4 spell: Summon Lightning Spire
 17998 | Lair:3   | Reached skill level 12 in Conjurations
 18004 | Lair:3   | Offered knowledge of Poisonous Vapours by Vehumet.
 18004 | Lair:3   | Reached ** piety under Vehumet
 18230 | Lair:3   | Reached skill level 1 in Summonings
 19518 | Lair:4   | Noticed a four-headed hydra
 19619 | Lair:4   | Noticed a catoblepas
 19646 | Lair:4   | Killed a catoblepas
 19789 | Lair:4   | Noticed a boulder beetle
 19808 | Lair:4   | Offered knowledge of Stone Arrow by Vehumet.
 19982 | Lair:4   | Found a staircase to the Shoals.
 20186 | Lair:4   | Reached *** piety under Vehumet
 20202 | Lair:4   | Killed a four-headed hydra
 20397 | Lair:4   | Found a hole to the Spider Nest.
 20526 | Lair:3   | Reached XP level 13. HP: 42/77 MP: 21/25
 21293 | Lair:5   | Identified the +10 rapier "Beetleslayer" {drain, *Noise rC+
                  | rN+ Int+5}
 21393 | Lair:5   | Found a staircase to the Slime Pits.
 21489 | Lair:5   | Offered knowledge of Hailstorm by Vehumet.
 21512 | Lair:5   | Reached skill level 13 in Conjurations
 22292 | Lair:5   | Identified a scroll of acquirement
 22293 | Lair:5   | Acquired 1101 gold pieces
 22296 | Lair:6   | Entered Level 6 of the Lair of Beasts
 24188 | D:12     | Slain by an orc knight

Illustrated notes

Levels and vault maps discovered:
D:1:      ncdulo_halloftheorcs, layout_basic
D:2:      layout_loops_ring, shapermc_ecumenical_altar_mp_ritualfount,
          st_stairs_14, hangedman_feature_mirror, wad_orctagon
D:3:      layout_loops_ring, nicolae_uskayaw_en_pointe, serial_aquarium,
          aquarium_bridge_straight [aquarium_subvault_bridge,
          aquarium_subvault_wall, aquarium_subvault_bridge,
          aquarium_subvault_wall], aquarium_window_corner, aquarium_window_2,
          aquarium_window_corner, aquarium_view_2c, aquarium_pool_2,
          dreamdust_princess_corridor
D:4:      layout_basic, serial_shops, shop_statue,
          nicolae_shop_overcharged_wands, uniq_pargi
D:5:      layout_rooms, grunt_temple_overflow_champion_of_chaos, tgw_trog,
          serial_shops, nicolae_stop_n_shop_1, st_stairs_8, uniq_edmund
D:6:      layout_basic, minmay_temple_entry_poolview, minmay_shop_grid_forest
D:7:      layout_loops_cross, okawaru_humans, kennysheep_windowed_goal,
          uniq_duvessa
D:8:      layout_basic, mainiacjoe_overflow_chevrons, corexii_corridor_pit,
          grunt_ministairs_1, minmay_orc_keep, uniq_joseph
D:9:      layout_basic, lemuel_tele_altar, nicolae_qazlal_scattered_showers,
          kennysheep_mini, fedhas_altar_2, lair_entry_dummy, uniq_pikel
D:10:     layout_roguey, vehumet_altar_wand_db, serial_shops, shop_statue
D:11:     layout_basic, uniq_grum
D:12:     minmay_the_grid_octo_tiled_squarecenter [minmay_the_grid_octo_chip,
          minmay_the_grid_octo_pinwheel, minmay_the_grid_octo_focus,
          minmay_the_grid_octo_concentric,
          minmay_the_grid_square_5x5_megaprize_diamond,
          minmay_the_grid_square_5x5_n, minmay_the_grid_square_5x5_dogpile,
          minmay_the_grid_square_5x5_inner_z,
          minmay_the_grid_square_5x5_two_walls_b], layout_loops_ring,
          orc_0_dummy, uniq_psyche
Temple:   minmay_freezing_vapour_temple
Lair:1:   layout_cave_pods
Lair:2:   layout_cellular_growth, uniq_fannar
Lair:3:   layout_long_grid, nicolae_lair_lindhole, lemuel_fruit_fields
Lair:4:   layout_small_grid, shoals_dummy_entry,
          nicolae_spider_entry_orb_guardian, grunt_megastairs_3
Lair:5:   dpeg_oklob_gauntlet, layout_regular_city,
          minmay_slime_entry_jelly_boxes
Lair:6:   evilmike_catoblepas_cave, layout_small_grid, infiniplex_staircase_pool

Skill      XL: |  1  2  3  4  5  6  7  8  9 10 11 12 13 |
---------------+----------------------------------------+-----
Stealth        | 2 3 4 5 6 7 8 9 |  9.1
Dodging        | 2 3 4 5 6 7 |  7.5
Conjurations   | 5 6 8 9 10 11 12 13 | 13.3
Spellcasting   | 3 4 5 6 7 8 |  8.6
Air Magic      | 3 5 7 9 10 12 | 12.9
Summonings     | 3 4 |  4.0

Action                   |  1- 3 |  4- 6 |  7- 9 | 10-12 | 13-15 || total
-------------------------+-------+-------+-------+-------+-------++-------
Melee: Unarmed           |    20 |       |       |       |       ||    20
       Dagger            |    44 |     5 |       |       |       ||    49
       Tailslap          |     5 |    11 |     4 |    17 |     8 ||    45
       Glaive            |       |    25 |       |       |       ||    25
       Whip              |       |    83 |    80 |   134 |    37 ||   334
       Headbutt          |       |     3 |     6 |    24 |     9 ||    42
       Punch             |       |       |       |     1 |     1 ||     2
 Cast: Magic Dart        |    83 |    62 |    81 |    36 |     3 ||   265
       Searing Ray       |     2 |    11 |    23 |    27 |     1 ||    64
       Mephitic Cloud    |       |       |     4 |    23 |     1 ||    28
       Airstrike         |       |       |       |    51 |     6 ||    57
       Freezing Cloud    |       |       |       |    19 |    12 ||    31
       Conjure Ball Ligh |       |       |       |     6 |     1 ||     7
       Summon Lightning  |       |       |       |    14 |    10 ||    24
 Abil: Breathe Steam     |       |       |    33 |    96 |    25 ||   154
Evoke: Wand              |       |       |       |     1 |     2 ||     3
  Use: Scroll            |       |     7 |     7 |     6 |     6 ||    26
       Potion            |       |     2 |     1 |     6 |       ||     9
 Stab: Confused          |       |       |       |     1 |       ||     1
       Sleeping          |       |       |       |       |     1 ||     1
Armor: Skin              |    23 |    84 |    55 |   111 |    21 ||   294
Dodge: Dodged            |    49 |    81 |    98 |   179 |    28 ||   435

Table legend: (Time is in decaauts)
 A = Elapsed time spent in this place.
 B = Non-inter-level travel time spent in this place.
 C = Inter-level travel time spent in this place.
 D = Time resting spent in this place.
 E = Time spent auto-exploring this place.
 F = Levels seen in this place.
 G = Mean time per level.
                   A        B        C        D        E       F      G
               +--------+--------+--------+--------+--------+-----+--------+
         Total |  24248 |  22767 |   1481 |   2671 |  16436 |  19 | 1276.2 |
       Dungeon |  15823 |  14898 |    925 |   2033 |  10558 |  12 | 1318.6 |
        Temple |      1 |      1 |      0 |      0 |      0 |   1 |    1.0 |
          Lair |   8423 |   7868 |    555 |    638 |   5877 |   6 | 1403.8 |
               +--------+--------+--------+--------+--------+-----+--------+

Top non-repeatable levels by time:
    D:11: 2224 daAuts
  Lair:1: 1835 daAuts
     D:2: 1768 daAuts
  Lair:3: 1759 daAuts
     D:1: 1744 daAuts
  Lair:2: 1722 daAuts
  Lair:5: 1514 daAuts
     D:7: 1506 daAuts
    D:10: 1466 daAuts
     D:6: 1329 daAuts
     D:8: 1275 daAuts
     D:3: 1217 daAuts
     D:9: 1128 daAuts
  Lair:4: 1085 daAuts
     D:4: 1034 daAuts
